 Dungeon Crawl Stone Soup version 0.20.0-15-g7f486f2 (webtiles) character file.

1113 KleinerIrrer the Cudgeler (level 8, -27/49 HPs)
             Began as a Gargoyle Fighter on June 27, 2017.
             Was a Believer of the Shining One.
             Annihilated by a two-headed ogre
             ... wielding a +0 giant club
              (32 damage)
             ... on level 5 of the Dungeon.
             The game lasted 00:09:13 (4117 turns).

KleinerIrrer the Cudgeler (Gargoyle Fighter)        Turns: 4117, Time: 00:09:14

Health: -27/49     AC: 12    Str: 27    XL:     8   Next: 33%
Magic:  8/8        EV:  9    Int:  9    God:    the Shining One [**....]
Gold:   476        SH: 10    Dex:  9    Spells: 7/7 levels left

rFire    . . .     SeeInvis .   D - +2 flail (holy)
rCold    + . .     Gourm    .   c - +0 shield
rNeg     + + .     Faith    .   b - +0 scale mail
rPois    ∞         Spirit   .   (no helmet)
rElec    +         Reflect  .   (no cloak)
rCorr    .         Harm     .   (no gloves)
MR       .....                  (no boots)
Stlth    ..........             l - amulet of magic regeneration
Regen    0.2/turn               m - ring of protection from cold
MPRegen  0.2/turn               (no ring)

@: mighty, glowing
A: negative energy resistance 1, electricity resistance, unbreathing,
petrification resistance, rot immunity, AC +5
a: Divine Shield, Renounce Religion


You were on level 5 of the Dungeon.
You worshipped the Shining One.
The Shining One was pleased with you.
You were not hungry.

You visited 1 branch of the dungeon, and saw 5 of its levels.
You also visited: Ossuary.

You collected 476 gold pieces.

Inventory:

Hand Weapons
 a - a +0 flail
 D - a +2 flail of holy wrath (weapon)
Armour
 b - a +0 scale mail (worn)
 c - a +0 shield (worn)
Jewellery
 l - an amulet of magic regeneration (around neck)
 m - a ring of protection from cold (left hand)
 u - an uncursed amulet of magic regeneration
Wands
 x - a wand of iceblast (5/15)
 C - a wand of enslavement (8/24)
 E - a wand of iceblast (6/15)
Scrolls
 i - a scroll of magic mapping
 n - a scroll of fear
 r - a scroll of blinking {unknown}
 s - a scroll of amnesia {unknown}
 t - 5 scrolls of remove curse
 y - a scroll of immolation {unknown}
 G - a scroll of recharging {unknown}
Potions
 d - a potion of might
 e - 2 potions of berserk rage {unknown}
 g - 5 potions of curing
 h - 3 potions of mutation {unknown}
 k - a potion of cancellation {unknown}
 o - a potion of invisibility {unknown}
 p - 7 potions of heal wounds {unknown}
 v - a potion of resistance {unknown}
 w - 2 potions of lignification {unknown}
 A - 2 potions of magic
 B - a potion of brilliance {unknown}
 F - 2 potions of ambrosia {unknown}
 H - a potion of haste {unknown}
Comestibles
 f - 5 bread rations
 j - 12 chunks of flesh
 q - 2 meat rations
 z - 2 royal jellies


   Skills:
 + Level 5.0 Fighting
 + Level 6.6 Maces & Flails
 + Level 5.4 Armour
 + Level 2.1 Dodging
 + Level 0.2 Stealth
 + Level 5.3 Shields


You had 7 spell levels left.
You didn't know any spells.

Dungeon Overview and Level Annotations

Branches:
Dungeon (5/15)
 Temple: D:4-7

Altars:
Kikubaaqudgha
Okawaru
The Shining One

Shops:
D:4 =


Innate Abilities, Weirdness & Mutations

You are resistant to torment.
Your stone body is resilient. (AC +5)
You are immune to poison.
You resist negative energy. (rN+)
You are resistant to electric shocks. (rElec)
You can survive without breathing.
You are immune to petrification.
You are immune to rotting.


Message History

The two-headed ogre hits you with a giant club!
The two-headed ogre hits you with a giant club!!
The Shining One protects you from harm!
You feel very mighty all of a sudden.
The two-headed ogre hits you with a giant club!
* * * LOW HITPOINT WARNING * * *
You block the two-headed ogre's attack.
You bludgeon the two-headed ogre!!
The two-headed ogre is moderately wounded.
The two-headed ogre barely misses you. x2
You hit the two-headed ogre.
The two-headed ogre is heavily wounded.
The two-headed ogre hits you with a giant club.
* * * LOW HITPOINT WARNING * * *
You block the two-headed ogre's attack.
You thump the two-headed ogre!
The two-headed ogre is severely wounded.
The two-headed ogre hits you with a giant club!!
Ouch! That really hurt!
You die...

,>,,....'....'...........'.......
,,**#####....#############.......
*,*** #####...##########.......
,,,,* #.............##.......
*,*,#######.............#########
,,,,.....................÷.......
*,***####...#)[.......÷.######...
*,**** #...#.).O.......######.#.
,,,,,* #...####@................
,*,*,* #...# #...............#.
,,,,,* #...#########........#...
.#o#.#* #..(...# #........###.
.O,...* #......# ########## ##
.#.*..* #......#****** oo....*
###....#*,,,,***** ,...#.*
#....#*,,,,+,,,***** ,*#...*
#....#*,,,,*<*,,,,,****


You could see a two-headed ogre.

Vanquished Creatures
  Grinder (D:4)
  Edmund (D:4)
  Menkaure (D:4)
  An ogre (D:5)
  A scorpion (D:5)
  A crimson imp (D:5)
  4 orc priests
  3 orc wizards
  An iguana (D:5)
  3 worker ants (D:4)
  8 mummies (Ossuary)
  4 adders
  An adder zombie (D:5)
  2 worms
  2 leopard geckos
  10 orcs
  8 giant cockroaches
  6 goblins
  11 hobgoblins
  11 jackals
  2 quokkas
  A ball python (D:3)
  3 bats
  6 frilled lizards
  2 gnoll zombies (Ossuary)
  A hobgoblin zombie (Ossuary)
  5 kobolds
  5 kobold zombies (Ossuary)
  3 rats (D:1)
108 creatures vanquished.

Notes
Turn   | Place    | Note
-------+----------+-------------------------------------------
     0 | D:1      | KleinerIrrer the Gargoyle Fighter began the quest for the Orb.
     0 | D:1      | Reached XP level 1. HP: 14/14 MP: 1/1
    73 | D:1      | Reached XP level 2. HP: 19/19 MP: 2/2
   718 | D:2      | Reached XP level 3. HP: 24/24 MP: 3/3
  1166 | D:2      | Found a faded altar of an unknown god.
  1248 | D:2      | Found an iron altar of Okawaru.
  1317 | D:3      | Reached XP level 4. HP: 26/29 MP: 4/4
  1328 | D:3      | Reached skill level 3 in Maces & Flails
  1328 | D:3      | Reached skill level 1 in Dodging
  1535 | D:3      | Reached XP level 5. HP: 33/33 MP: 5/5
  2021 | D:3      | Found an ancient bone altar of Kikubaaqudgha.
  2021 | D:3      | Found a glowing golden altar of the Shining One.
  2028 | D:3      | Became a worshipper of the Shining One
  2301 | D:4      | Reached skill level 4 in Maces & Flails
  2323 | D:4      | Found Pump's Jewellery Shop.
  2364 | D:4      | Reached XP level 6. HP: 37/38 MP: 6/6
  2412 | D:4      | Noticed Menkaure
  2421 | D:4      | Killed Menkaure
  2514 | D:4      | Noticed Grinder
  2524 | D:4      | Paralysed by Grinder for 7 turns
  2542 | D:4      | Killed Grinder
  2542 | D:4      | Reached skill level 5 in Maces & Flails
  2542 | D:4      | Reached XP level 7. HP: 11/44 MP: 7/7
  2935 | D:4      | Noticed Edmund
  2955 | D:4      | Killed Edmund
  2955 | D:4      | Reached skill level 5 in Shields
  3207 | D:5      | Entered Level 5 of the Dungeon
  3255 | D:5      | Found a sand-covered staircase.
  3263 | Ossuary  | Entered an ossuary
  3281 | Ossuary  | Reached * piety under the Shining One
  3490 | D:5      | Reached skill level 6 in Maces & Flails
  3490 | D:5      | Reached skill level 5 in Armour
  3490 | D:5      | Reached XP level 8. HP: 3/48 MP: 8/8
  3998 | D:5      | Reached skill level 5 in Fighting
  4002 | D:5      | Noticed a two-headed ogre
  4003 | D:5      | Reached ** piety under the Shining One
  4110 | D:5      | The Shining One protects you from harm!
  4117 | D:5      | Annihilated by a two-headed ogre

Skill      XL: |  1  2  3  4  5  6  7  8 |
---------------+-------------------------+-----
Maces & Flails | 3 4 5 6 |  6.6
Dodging        | 1 2 |  2.1
Armour         | 4 5 |  5.4
Shields        | 4 5 |  5.3
Fighting       | 4 5 |  5.0
Stealth        | |  0.2

Action                   |  1- 3 |  4- 6 |  7- 9 || total
-------------------------+-------+-------+-------++-------
Melee: Flail             |   156 |   168 |   119 ||   443
  Use: Potion            |       |     1 |     2 ||     3
       Scroll            |       |       |     6 ||     6
  Eat: Chunk             |     2 |     4 |     5 ||    11
Armor: Scale mail        |   107 |    92 |    41 ||   240
Dodge: Dodged            |    73 |    63 |    27 ||   163
Block: Shield            |    91 |   111 |    63 ||   265
